 Dungeon Crawl Stone Soup version 0.29-a0-275-g389c0b56f3 (webtiles) character file.

Game seed: 17687909735390158947

183 Gildeon the Conjurer (level 5, -7/28 HPs)
             Began as a Deep Elf Conjurer on Mar 12, 2022.
             Mangled by an iguana (10 damage)
             ... on level 5 of the Dungeon.
             The game lasted 00:10:15 (4037 turns).

Gildeon the Conjurer (Deep Elf Conjurer)            Turns: 4037, Time: 00:10:16

Health: -7/28      AC:  7    Str:  4    XL:     5   Next: 35%
Magic:  9/14       EV:  9    Int: 25    God:
Gold:   243        SH:  0    Dex: 13    Spells: 3/13 levels left

rFire   . . .      SeeInvis .   f - +0 dagger
rCold   + . .      Faith    .   (no shield)
rNeg    . . .      Spirit   .   y - +1 ring mail {rC+}
rPois   .          Reflect  .   e - +0 helmet
rElec   .          Harm     .   (no cloak)
rCorr   .          Rampage  .   (no gloves)
Will    +....                   (no boots)
Stlth   ++........              (no amulet)
HPRegen 0.09/turn               i - ring of willpower
MPRegen 0.14/turn               (no ring)

@: no status effects
A: no striking features
a: no special abilities


You were on level 5 of the Dungeon.
You visited 1 branch of the dungeon, and saw 5 of its levels.

You collected 243 gold pieces.

Inventory:

Hand Weapons
 f - a +0 dagger (weapon)
Missiles
 m - 94 stones
 p - 4 poisoned darts
Armour
 a - a +0 robe
 e - a +0 helmet (worn)
 y - a +1 ring mail of cold resistance (worn)
Jewellery
 i - a ring of willpower (left hand)
Wands
 v - a wand of flame (11)
Scrolls
 c - a scroll of amnesia {unknown}
 d - 2 scrolls of fear {unknown}
 h - a scroll of magic mapping {unknown}
 n - a scroll of fog {unknown}
 o - a scroll of immolation {unknown}
 q - 2 scrolls of identify {unknown}
 r - 2 scrolls of blinking {unknown}
 s - 2 scrolls of teleportation
 u - a scroll of enchant armour {unknown}
 w - a scroll of enchant weapon {unknown}
 x - a scroll of summoning {unknown}
Potions
 g - a potion of curing {unknown}
 j - 2 potions of attraction {unknown}
 k - 2 potions of heal wounds {unknown}
 l - a potion of haste {unknown}
 t - a potion of might {unknown}
 z - a potion of invisibility {unknown}
 A - 2 potions of brilliance {unknown}


   Skills:
 + Level 4.1 Dodging
 + Level 4.3 Stealth
 + Level 4.7 Spellcasting
 - Level 5.0 Conjurations


You had 3 spell levels left.
You knew the following spells:

 Your Spells              Type           Power      Damage    Failure   Level
a - Magic Dart            Conj           100%       1d8       7%          1
b - Searing Ray           Conj           60%        2d6       10%         2
c - Dazzling Flash        Conj/Hex       36%        N/A       50%         3
d - Iskenderun's Mystic   Conj/Tloc      18%        2d6       88%         4

Your spell library contained the following spells:

 Spells                   Type           Power      Damage    Failure   Level
 Fulminant Prism          Conj/Hex       9%         3d7       88%         4


Dungeon Overview and Level Annotations

Branches:
Dungeon (5/15)
 Temple: D:4-7

Altars:
Kikubaaqudgha

Annotations:
D:4 exclusion: ogre


Message History

Aiming: Magic Dart (safe; 7% risk of failure)
Press: ? - help, Shift-Dir - straight line, f/p - iguana
Aim: an iguana (moderately wounded, 100% to hit)
The magic dart hits the iguana but does no damage.
The iguana is moderately wounded.
The iguana bites you.
Casting: Magic Dart (safe; 7% risk of failure)
Confirm with . or Enter, or press ? or * to list all spells.
Aiming: Magic Dart (safe; 7% risk of failure)
Press: ? - help, Shift-Dir - straight line, f/p - iguana
Aim: an iguana (moderately wounded, 100% to hit)
The magic dart hits the iguana.
The iguana is heavily wounded.
The iguana barely misses you.
Casting: Magic Dart (safe; 7% risk of failure)
Confirm with . or Enter, or press ? or * to list all spells.
Aiming: Magic Dart (safe; 7% risk of failure)
Press: ? - help, Shift-Dir - straight line, f/p - iguana
Aim: an iguana (heavily wounded, 100% to hit)
The magic dart hits the iguana.
The iguana is severely wounded.
The iguana closely misses you.
Casting: Magic Dart (safe; 7% risk of failure)
Confirm with . or Enter, or press ? or * to list all spells.
Aiming: Magic Dart (safe; 7% risk of failure)
Press: ? - help, Shift-Dir - straight line, f/p - iguana
Aim: an iguana (severely wounded, 100% to hit)
The magic dart hits the iguana.
The iguana is almost dead.
The iguana bites you!
* * * LOW HITPOINT WARNING * * *
Casting: Magic Dart (safe; 7% risk of failure)
Confirm with . or Enter, or press ? or * to list all spells.
Aiming: Magic Dart (safe; 7% risk of failure)
Press: ? - help, Shift-Dir - straight line, f/p - iguana
Aim: an iguana (almost dead, 100% to hit)
The magic dart hits the iguana.
The iguana is almost dead.
The iguana bites you!
You die...

#.#.....## #....#
#####.#. #....# #....
#....# .. #...#.
##....# ###.. #.#....
#####o.ol.## .....
....#.#.##.....###..#
..... .......o#.###
##.##.....
...#.##l#.#
###.l....# # #@#.#
##........## #.#.#
#...Po.P...# #.#.#
#..l..o....#
#o#.##..P......P..
#.#.#.............
..#...............
..#.....P......P..
.)....#...........
......P..P....


You could see an iguana and 2 orcs.

Vanquished Creatures
  A howler monkey (D:4)
  2 orc priests
  An adder (D:4)
  An ufetubus (D:5)
  3 dart slugs
  7 orcs
  3 ball pythons (D:3)
  3 bats
  5 endoplasms
  A giant cockroach (D:1)
  2 goblins
  7 hobgoblins
  3 jackals (D:4)
  5 kobolds
  A quokka (D:1)
  A frilled lizard (D:3)
  6 rats
52 creatures vanquished.

Notes
Turn   | Place    | Note
-------+----------+-------------------------------------------
     0 | D:1      | Gildeon the Deep Elf Conjurer began the quest for the Orb.
     0 | D:1      | Reached XP level 1. HP: 10/10 MP: 6/6
     6 | D:1      | Noticed a ragged hierophant
     6 | D:1      | Noticed a tyrant leech
     6 | D:1      | Noticed a komodo dragon
     7 | D:1      | Noticed a yaktaur captain
   225 | D:1      | Reached XP level 2. HP: 15/15 MP: 5/8
   228 | D:1      | Learned a level 2 spell: Searing Ray
  1857 | D:3      | Reached XP level 3. HP: 19/19 MP: 7/10
  1861 | D:3      | Learned a level 3 spell: Dazzling Flash
  2311 | D:3      | Found an ancient bone altar of Kikubaaqudgha.
  2464 | D:3      | Reached XP level 4. HP: 24/24 MP: 6/11
  2477 | D:3      | Learned a level 4 spell: Iskenderun's Mystic Blast
  2638 | D:3      | Found a faded altar of an unknown god.
  2957 | D:4      | Reached skill level 5 in Conjurations
  3302 | D:4      | Reached XP level 5. HP: 28/28 MP: 10/13
  3520 | D:4      | Noticed an ogre
  4000 | D:5      | Entered Level 5 of the Dungeon
  4037 | D:5      | Mangled by an iguana

Illustrated notes

Levels and vault maps discovered:
D:1:      onia_arrival_zoo_common, layout_basic
D:2:      layout_basic
D:3:      layout_loops_corners, kiku_gazebo_pond_becter,
          hellmonk_ecumenical_altar_inner_sanctum, serial_park_tiny_1
D:4:      layout_basic
D:5:      layout_basic, serial_co_window_serial, co_window_paths_a,
          co_window_of_opportunity_a, co_window_paths_a, co_window_paths_a,
          co_window_paths_a, co_window_of_opportunity_a, co_window_corner_a,
          co_window_broadway_b, co_window_broadway_a, co_window_paths_c,
          co_window_corner_b, co_window_corner_cb, co_window_broadway_a,
          co_window_cross_4, glass_columns_a, glass_columns_a, glass_columns_a,
          glass_columns_a, glass_columns_c, minmay_misc_feat_plants,
          kennysheep_generic_room_12

Skill      XL: |  1  2  3  4  5 |
---------------+----------------+-----
Stealth        | 3 4 |  4.3
Dodging        | 3 4 |  4.1
Spellcasting   | 4 |  4.7
Conjurations   | 5 |  5.0

Action                   |  1- 3 |  4- 6 || total
-------------------------+-------+-------++-------
Melee: Dagger            |       |     1 ||     1
 Cast: Magic Dart        |    60 |    48 ||   108
  Use: Scroll            |       |     1 ||     1
       Potion            |       |     1 ||     1
 Stab: Sleeping          |       |     1 ||     1
Armor: Ring mail         |       |    13 ||    13
Dodge: Dodged            |     2 |     9 ||    11

Table legend: (Time is in decaauts)
 A = Elapsed time spent in this place.
 B = Non-inter-level travel time spent in this place.
 C = Inter-level travel time spent in this place.
 D = Time resting spent in this place.
 E = Time spent auto-exploring this place.
 F = Levels seen in this place.
 G = Mean time per level.
                   A        B        C        D        E       F      G
               +--------+--------+--------+--------+--------+-----+--------+
         Total |   4041 |   3414 |    627 |    221 |   2822 |   5 |  808.2 |
       Dungeon |   4041 |   3414 |    627 |    221 |   2822 |   5 |  808.2 |
               +--------+--------+--------+--------+--------+-----+--------+

Top non-repeatable levels by time:
     D:1: 1295 daAuts
     D:4: 1029 daAuts
     D:3: 981 daAuts
     D:2: 698 daAuts
     D:5: 36 daAuts
